Calgary Flames vs Boston Bruins

Created - jeudi 3 janvier 2019 at 19:00

Goals
1 2 3 T
Calgary Flames 2 1 1 4
Boston Bruins 0 0 1 1
Shots
1 2 3 T
Calgary Flames 9 12 15 36
Boston Bruins 4 6 17 27

1st period

1. Calgary Flames , Sean Monahan 6 (Johnny Gaudreau 19) at 18:08 (PP)
2. Calgary Flames , Johnny Gaudreau 15 (Jake Gardiner 14, Reilly Smith 17) at 18:22

Penalties :
Torey Krug (BOS) for Hooking (Minor) at 17:59

2nd period

3. Calgary Flames , Sean Monahan 7 (Reilly Smith 18, Johnny Gaudreau 20) at 5:52

Penalties :
No Penalty

3rd period

4. Calgary Flames , Erik Haula 11 (Jake Gardiner 15) at 9:46 (PP)
5. Boston Bruins , Ryan O'Reilly 9 (Joe Pavelski 15, Kevan Miller 10) at 18:59

Penalties :
Jonathan Marchessault (BOS) for Roughing (Double Minor) at 8:59

Goalie Stats

David Rittich (CGY), 26 saves from 27 shots - (0.963), W, 1-0-0, 60:00 minutes
Tuukka Rask (BOS), 32 saves from 36 shots - (0.889), L, 19-16-1, 60:00 minutes

Players Stats for Calgary Flames

Player Name              G  A  P  +/- PIM S  H  SB GA TA FO     MP     PP MP  PK MP  
------------------------------------------------------------------------------------
Adam Pelech              0  0  0   0  0   1  3  1  1  2  0/0    18:50   0:00   0:00 
Alex Chiasson            0  0  0   0  0   2  3  0  0  1  0/0    13:34   0:01   0:00 
Colin Miller             0  0  0   1  0   1  1  1  0  0  0/0    20:19   2:07   0:00 
Danton Heinen            0  0  0  -1  0   3  0  0  1  0  0/1    15:08   1:24   0:00 
Erik Haula               1  0  1   0  0   3  2  2  1  0  4/11   15:11   1:24   0:00 
Jake Gardiner            0  2  2   0  0   2  1  0  1  0  0/0    20:39   2:07   0:00 
Johnny Gaudreau          1  2  3   2  0   4  0  1  1  0  0/1    17:31   1:30   0:00 
Josh Anderson            0  0  0   0  0   2  0  1  2  0  1/1    13:34   0:01   0:00 
Mark Giordano            0  0  0   0  0   0  1  0  0  0  0/0    21:11   0:48   0:00 
Michael Frolik           0  0  0   0  0   3  0  0  0  1  1/1    13:47   0:00   0:00 
Michael Stone            0  0  0   1  0   1  3  0  0  0  0/0    18:10   0:00   0:00 
Micheal Ferland          0  0  0  -1  0   2  2  1  1  0  1/1    13:44   0:00   0:00 
Paul Byron               0  0  0   0  0   2  2  1  1  0  0/0    15:11   1:24   0:00 
Radek Faksa              0  0  0  -1  0   1  3  0  0  0  4/10   13:47   0:01   0:00 
Reilly Smith             0  2  2   2  0   3  3  0  1  0  0/2    17:31   1:30   0:00 
Sam Bennett              0  0  0   0  0   2  3  0  0  0  5/9    13:31   0:00   0:00 
Sean Monahan             2  0  2   2  0   4  1  0  0  0  13/19  17:31   1:30   0:00 
TJ Brodie                0  0  0   0  0   0  1  1  0  4  0/0    20:51   0:48   0:00 

Players Stats for Boston Bruins

Player Name              G  A  P  +/- PIM S  H  SB GA TA FO     MP     PP MP  PK MP  
------------------------------------------------------------------------------------
Adam McQuaid             0  0  0   0  0   0  0  0  0  0  0/0     0:23   0:00   0:00 
Brad Marchand            0  0  0  -1  0   3  3  2  0  0  1/1    22:12   0:00   0:15 
Brandon Carlo            0  0  0   0  0   0  2  1  0  1  0/0    16:51   0:00   1:43 
Charlie McAvoy           0  0  0   1  0   0  1  0  0  1  0/0    22:04   0:00   1:21 
David Pastrnak           0  0  0  -1  0   2  4  1  1  1  0/2    16:22   0:00   0:00 
Derek MacKenzie          0  0  0   0  0   0  2  0  0  0  2/4    10:24   0:00   1:46 
Joe Pavelski             0  1  1   1  0   5  0  0  4  1  1/1    18:39   0:00   0:00 
Jonathan Marchessault    0  0  0   1  4   0  3  0  0  0  1/1    18:49   0:00   0:00 
Kevan Miller             0  1  1   1  0   0  2  4  0  2  0/0    20:43   0:00   0:00 
Niklas Hjalmarsson       0  0  0  -2  0   2  0  0  0  1  0/0    22:36   0:00   1:34 
Riley Nash               0  0  0  -1  0   0  3  0  0  0  2/7    16:26   0:00   1:46 
Ryan Donato              0  0  0  -1  0   0  3  0  0  1  0/0    14:40   0:00   0:00 
Ryan O'Reilly            1  0  1   1  0   8  3  0  0  1  5/12   19:44   0:00   0:54 
Ryan Spooner             0  0  0  -1  0   3  2  0  1  0  0/0    14:55   0:00   0:00 
Tim Schaller             0  0  0   0  0   0  1  0  0  0  0/0     8:58   0:00   0:54 
Torey Krug               0  0  0  -2  2   0  2  1  2  1  0/0    22:02   0:00   1:12 
Tyler Seguin             0  0  0  -1  0   4  3  0  0  0  15/28  16:18   0:00   0:15 
Will Butcher             0  0  0   0  0   0  0  2  0  0  0/0    14:57   0:00   0:00 

3 Stars

1 - Sean Monahan (CGY)
2 - Johnny Gaudreau (CGY)
3 - Reilly Smith (CGY)

Power Play

Calgary Flames - 2 on 3 Attempt(s) - 66.67%
Boston Bruins - 0 on 0 Attempt(s) - 0.00%

Penalty Kill

Calgary Flames - 0 on 0 Attempt(s) - 0.00% - Score 0 goal in Penalty Kill
Boston Bruins - 1 on 3 Attempt(s) - 33.33% - Score 0 goal in Penalty Kill

Team Stat

Calgary Flames - Hits : 29 - Faceoff Wins : 29 - Blocked Shots : 9 - Penalty Minutes : 0
Boston Bruins - Hits : 34 - Faceoff Wins : 27 - Blocked Shots : 11 - Penalty Minutes : 6

Official

Referees : Steve Kozari and Brian Pochmara
Linesman : Brian Murphy and Scott Cherrey

Game Notes

No Game Note

Finance

Level 1 -- Attendance: 9997 (99.97%) -- Ticket Income fr. 799'760
Level 2 -- Attendance: 1677 (83.85%) -- Ticket Income fr. 117'390
Level 3 -- Attendance: 3500 (100.00%) -- Ticket Income fr. 119'000
Level 4 -- Attendance: 1191 (82.14%) -- Ticket Income fr. 27'393
Luxury Box -- Attendance: 41 (82.00%) -- Ticket Income fr. 9'143
Game was played at the TD Garden.
Total Attendance: 16406 (96.51%)
Total Ticket Income: fr. 1'072'686
Total Income: fr. 1'072'686

Calgary Flames

5 vs 5 Forward 
   Center                   Left Wing                Right Wing               Time % Phy DF OF 
 1 Sean Monahan             Johnny Gaudreau          Reilly Smith             28     0   2  3  
 2 Erik Haula               Paul Byron               Michael Frolik           24     0   3  2  
 3 Radek Faksa              Micheal Ferland          Danton Heinen            24     0   3  2  
 4 Sam Bennett              Alex Chiasson            Josh Anderson            24     0   3  2  

5 vs 5 Defense 
   Defense                  Defense                                           Time % Phy DF OF 
 1 Mark Giordano            TJ Brodie                                         35     0   3  2  
 2 Jake Gardiner            Adam Pelech                                       33     0   3  2  
 3 Colin Miller             Michael Stone                                     32     0   3  2  
 4 Mark Giordano            TJ Brodie                                         0      0   3  2  

PowerPlay Forward 
   Center                   Left Wing                Right Wing               Time % Phy DF OF 
 1 Sean Monahan             Johnny Gaudreau          Reilly Smith             50     0   0  5  
 2 Erik Haula               Paul Byron               Danton Heinen            50     0   0  5  

PowerPlay Defense
   Defense                  Defense                                           Time % Phy DF OF 
 1 Mark Giordano            TJ Brodie                                         48     0   1  4  
 2 Jake Gardiner            Colin Miller                                      52     0   1  4  

Penalty Kill 4 Players Forward 
   Center                   Wing                     Time % Phy DF OF 
 1 Radek Faksa              Michael Frolik           50     1   2  2  
 2 Paul Byron               Alex Chiasson            50     1   2  2  

Penalty Kill 4 Players Defense
   Defense                  Defense                  Time % Phy DF OF 
 1 Mark Giordano            TJ Brodie                48     1   3  1  
 2 Adam Pelech              Michael Stone            52     1   3  1  

Penalty Kill - 3 Players Forward 
   Forward                                           Time % Phy DF OF 
 1 Radek Faksa                                       50     1   2  2  
 2 Michael Frolik                                    50     1   2  2  

Penalty Kill - 3 Players Defense
   Defense                  Defense                  Time % Phy DF OF 
 1 Mark Giordano            TJ Brodie                48     1   3  1  
 2 Adam Pelech              Michael Stone            52     1   3  1  

4 vs 4 Forward 
   Center                   Wing                     Time % Phy DF OF 
 1 Sean Monahan             Johnny Gaudreau          48     0   2  3  
 2 Erik Haula               Reilly Smith             52     0   2  3  

4 vs 4 Defense
   Defense                  Defense                  Time % Phy DF OF 
 1 Mark Giordano            TJ Brodie                48     0   3  2  
 2 Jake Gardiner            Adam Pelech              52     0   3  2  

Last Minutes Offensive
   Center                   Left Wing                Right Wing               Defense                  Defense                  
   Sean Monahan             Johnny Gaudreau          Reilly Smith             Mark Giordano            Jake Gardiner            

Last Minutes Defensive
   Center                   Left Wing                Right Wing               Defense                  Defense                  
   Radek Faksa              Paul Byron               Michael Frolik           Mark Giordano            TJ Brodie                

Goaltenders
Starting : David Rittich            
Backup : Mike Smith               

Extra Forwards
Normal : Sean Monahan, Erik Haula, Micheal Ferland - PP : Sean Monahan, Erik Haula - PK : Radek Faksa
Extra Defensemen
Normal : Mark Giordano, Jake Gardiner, Colin Miller - PP : Jake Gardiner - PK : Mark Giordano, Adam Pelech
Penalty Shots
Johnny Gaudreau, Sean Monahan, Reilly Smith, Erik Haula, Radek Faksa
Custom OT Lines Forwards
Sean Monahan, Johnny Gaudreau, Erik Haula, Reilly Smith, Radek Faksa, Paul Byron, Michael Frolik, Danton Heinen, Micheal Ferland, Josh Anderson
Custom OT Lines Defensemen
Mark Giordano, TJ Brodie, Jake Gardiner, Adam Pelech, Colin Miller

Scratches
Daniel Carr (Healthy), Carter Rowney (Healthy), Chad Johnson (Healthy)

Boston Bruins

5 vs 5 Forward 
   Center                   Left Wing                Right Wing               Time % Phy DF OF 
 1 Tyler Seguin             Brad Marchand            David Pastrnak           33     0   2  3  
 2 Ryan O'Reilly            Jonathan Marchessault    Joe Pavelski             31     0   2  3  
 3 Riley Nash               Ryan Donato              Ryan Spooner             23     1   2  2  
 4 Derek MacKenzie          Brad Marchand            Tim Schaller             13     1   3  1  

5 vs 5 Defense 
   Defense                  Defense                                           Time % Phy DF OF 
 1 Charlie McAvoy           Kevan Miller                                      38     1   2  2  
 2 Torey Krug               Niklas Hjalmarsson                                37     1   2  2  
 3 Will Butcher             Brandon Carlo                                     25     1   2  2  
 4 Charlie McAvoy           Torey Krug                                        0      1   2  2  

PowerPlay Forward 
   Center                   Left Wing                Right Wing               Time % Phy DF OF 
 1 Tyler Seguin             Brad Marchand            David Pastrnak           50     1   1  3  
 2 Ryan O'Reilly            Jonathan Marchessault    Joe Pavelski             50     1   1  3  

PowerPlay Defense
   Defense                  Defense                                           Time % Phy DF OF 
 1 Charlie McAvoy           Torey Krug                                        60     1   1  3  
 2 Will Butcher             Niklas Hjalmarsson                                40     1   1  3  

Penalty Kill 4 Players Forward 
   Center                   Wing                     Time % Phy DF OF 
 1 Derek MacKenzie          Riley Nash               55     1   3  1  
 2 Ryan O'Reilly            Tim Schaller             45     1   3  1  

Penalty Kill 4 Players Defense
   Defense                  Defense                  Time % Phy DF OF 
 1 Torey Krug               Charlie McAvoy           50     1   3  1  
 2 Niklas Hjalmarsson       Brandon Carlo            50     1   3  1  

Penalty Kill - 3 Players Forward 
   Forward                                           Time % Phy DF OF 
 1 Derek MacKenzie                                   50     1   4  0  
 2 Riley Nash                                        50     1   4  0  

Penalty Kill - 3 Players Defense
   Defense                  Defense                  Time % Phy DF OF 
 1 Will Butcher             Brandon Carlo            50     1   2  2  
 2 Charlie McAvoy           Niklas Hjalmarsson       50     1   2  2  

4 vs 4 Forward 
   Center                   Wing                     Time % Phy DF OF 
 1 Tyler Seguin             Brad Marchand            50     1   1  3  
 2 Joe Pavelski             David Pastrnak           50     1   1  3  

4 vs 4 Defense
   Defense                  Defense                  Time % Phy DF OF 
 1 Charlie McAvoy           Torey Krug               50     1   2  2  
 2 Brandon Carlo            Will Butcher             50     1   2  2  

Last Minutes Offensive
   Center                   Left Wing                Right Wing               Defense                  Defense                  
   Tyler Seguin             Brad Marchand            David Pastrnak           Charlie McAvoy           Torey Krug               

Last Minutes Defensive
   Center                   Left Wing                Right Wing               Defense                  Defense                  
   Ryan O'Reilly            Derek MacKenzie          Riley Nash               Kevan Miller             Niklas Hjalmarsson       

Goaltenders
Starting : Tuukka Rask              
Backup : Aaron Dell               

Extra Forwards
Normal : David Pastrnak, Ryan Spooner, Tyler Seguin - PP : Riley Nash, Ryan Spooner - PK : Tyler Seguin
Extra Defensemen
Normal : Will Butcher, Brandon Carlo, Charlie McAvoy - PP : Will Butcher - PK : Brandon Carlo, Charlie McAvoy
Penalty Shots
Riley Nash, Tyler Seguin, Ryan O'Reilly, Joe Pavelski, David Pastrnak
Custom OT Lines Forwards
Brad Marchand, Tyler Seguin, Ryan O'Reilly, Joe Pavelski, David Pastrnak, Jonathan Marchessault, Riley Nash, Ryan Spooner, Tim Schaller, Derek MacKenzie
Custom OT Lines Defensemen
Charlie McAvoy, Torey Krug, Brandon Carlo, Niklas Hjalmarsson, Will Butcher

Scratches
Antoine Roussel (Healthy), Noel Acciari (Healthy), Austin Czarnik (Healthy)

% Time on Ice - Calgary Flames

Lines # - Real PCT - Wanted PCT - Time Play
Normal Forward
1 - 28% - 28% - 16:01
2 - 24% - 24% - 13:49
3 - 24% - 24% - 13:44
4 - 24% - 24% - 13:31
Normal Defense
1 - 34% - 35% - 19:36
2 - 33% - 33% - 18:52
3 - 32% - 32% - 18:10
4 - 1% - 0% - 0:27
PP Forward
1 - 51% - 50% - 1:30
2 - 49% - 50% - 1:25
PP Defense
1 - 27% - 48% - 0:48
2 - 73% - 52% - 2:07
PK Forward
1 - 0% - 50%
2 - 0% - 50%
PK Defense
1 - 0% - 48%
2 - 0% - 52%
PK3 Forward
1 - 0% - 50%
2 - 0% - 50%
PK3 Defense
1 - 0% - 48%
2 - 0% - 52%
44 Forward
1 - 0% - 48%
2 - 0% - 52%
44 Defense
1 - 0% - 48%
2 - 0% - 52%
Last Minute Offensive  - 0:00
Last Minute Defensive  - 0:00
Total
Forward - 60:00
Defense - 60:00

% Time on Ice - Boston Bruins

Lines # - Real PCT - Wanted PCT - Time Play
Normal Forward
1 - 28% - 33% - 15:42
2 - 33% - 31% - 18:50
3 - 26% - 23% - 14:40
4 - 14% - 13% - 7:53
Normal Defense
1 - 36% - 38% - 20:43
2 - 37% - 37% - 21:02
3 - 27% - 25% - 15:20
4 - 0% - 0% - 0:00
PP Forward
1 - 0% - 50%
2 - 0% - 50%
PP Defense
1 - 0% - 60%
2 - 0% - 40%
PK Forward
1 - 69% - 55% - 2:01
2 - 31% - 45% - 0:54
PK Defense
1 - 46% - 50% - 1:21
2 - 54% - 50% - 1:34
PK3 Forward
1 - 0% - 50%
2 - 0% - 50%
PK3 Defense
1 - 0% - 50%
2 - 0% - 50%
44 Forward
1 - 0% - 50%
2 - 0% - 50%
44 Defense
1 - 0% - 50%
2 - 0% - 50%
Last Minute Offensive  - 0:00
Last Minute Defensive  - 0:00
Total
Forward - 60:00
Defense - 60:00

Play-by-Play

1st period


0:01 of 1st period - Tyler Seguin wins face-off versus Reilly Smith in neutral zone.
0:37 of 1st period - Ryan O'Reilly is hit by Erik Haula and loses puck.
0:50 of 1st period - Snap shot by Radek Faksa.
0:50 of 1st period - Shot Blocked by Kevan Miller.
1:32 of 1st period - Ryan O'Reilly is hit by Reilly Smith and loses puck.
4:11 of 1st period - Riley Nash is hit by Adam Pelech and loses puck.
4:40 of 1st period - Mark Giordano is hit by Jonathan Marchessault and loses puck.
4:49 of 1st period - Wrist shot by Ryan O'Reilly.
4:49 of 1st period - Stopped by David Rittich with a rebound.
4:59 of 1st period - Reilly Smith is hit by Brad Marchand and loses puck.
5:06 of 1st period - Brad Marchand is hit by Michael Stone and loses puck.
5:41 of 1st period - Sean Monahan is hit by Derek MacKenzie and loses puck.
6:59 of 1st period - Snap shot by Josh Anderson.
6:59 of 1st period - Stopped by Tuukka Rask without a rebound.
7:00 of 1st period - Sam Bennett wins face-off versus Ryan O'Reilly in Boston Bruins zone.
7:24 of 1st period - Ryan Donato is hit by Radek Faksa and loses puck.
7:45 of 1st period - Niklas Hjalmarsson is hit by TJ Brodie and loses puck.
7:54 of 1st period - Snap shot by Erik Haula.
7:54 of 1st period - Deflect By Paul Byron.
7:54 of 1st period - Stopped by Tuukka Rask without a rebound.
7:55 of 1st period - Jonathan Marchessault wins face-off versus Sam Bennett in Boston Bruins zone.
9:06 of 1st period - Charlie McAvoy is hit by Sean Monahan and loses puck.
9:29 of 1st period - TJ Brodie is hit by Brandon Carlo and loses puck.
9:48 of 1st period - Snap shot by Brad Marchand.
9:48 of 1st period - Deflect By Tyler Seguin.
9:48 of 1st period - Shot Misses the Net.
9:48 of 1st period - Puck is out of play.
9:49 of 1st period - Tyler Seguin wins face-off versus Radek Faksa in Calgary Flames zone.
9:50 of 1st period - Snap shot by David Pastrnak.
9:50 of 1st period - Stopped by David Rittich with a rebound.
9:52 of 1st period - Slapshot by Kevan Miller.
9:52 of 1st period - Deflect By Tyler Seguin.
9:52 of 1st period - Shot Misses the Net.
9:52 of 1st period - Puck is out of play.
9:53 of 1st period - Tyler Seguin wins face-off versus Sean Monahan in Calgary Flames zone.
10:02 of 1st period - Wrist shot by Brad Marchand.
10:02 of 1st period - Shot Misses the Net.
10:18 of 1st period - Jake Gardiner is hit by Ryan O'Reilly and loses puck.
10:43 of 1st period - Michael Stone is hit by Ryan Spooner and loses puck.
10:56 of 1st period - Colin Miller is hit by Brad Marchand.
11:36 of 1st period - Wrist shot by David Pastrnak.
11:36 of 1st period - Shot Misses the Net.
11:40 of 1st period - Snap shot by Brad Marchand.
11:40 of 1st period - Deflect By David Pastrnak.
11:40 of 1st period - Stopped by David Rittich without a rebound.
11:41 of 1st period - Tyler Seguin wins face-off versus Danton Heinen in Calgary Flames zone.
11:42 of 1st period - Snap shot by Brad Marchand.
11:42 of 1st period - Stopped by David Rittich without a rebound.
11:43 of 1st period - Radek Faksa wins face-off versus Tyler Seguin in Calgary Flames zone.
11:50 of 1st period - David Pastrnak is hit by Micheal Ferland and loses puck.
11:55 of 1st period - Snap shot by Micheal Ferland.
11:55 of 1st period - Deflect By Radek Faksa.
11:55 of 1st period - Shot Blocked by Brad Marchand.
11:55 of 1st period - Puck is out of play.
11:56 of 1st period - Tyler Seguin wins face-off versus Erik Haula in Boston Bruins zone.
12:36 of 1st period - Reilly Smith is hit by Ryan O'Reilly and loses puck.
12:51 of 1st period - Sam Bennett is hit by Ryan Spooner and loses puck.
13:12 of 1st period - Derek MacKenzie is hit by Radek Faksa and loses puck.
14:05 of 1st period - Josh Anderson is hit by Jonathan Marchessault and loses puck.
14:18 of 1st period - Michael Stone is hit by Brandon Carlo.
14:26 of 1st period - Radek Faksa is hit by David Pastrnak and loses puck.
15:25 of 1st period - David Pastrnak is hit by Sam Bennett and loses puck.
15:42 of 1st period - Brandon Carlo is hit by Michael Stone and loses puck.
15:47 of 1st period - Snap shot by Micheal Ferland.
15:47 of 1st period - Shot Blocked by Brandon Carlo.
15:49 of 1st period - Snap shot by Radek Faksa.
15:49 of 1st period - Stopped by Tuukka Rask with a rebound.
16:03 of 1st period - Ryan O'Reilly is hit by Reilly Smith and loses puck.
16:24 of 1st period - Ryan Spooner is hit by Sam Bennett and loses puck.
17:56 of 1st period - Slapshot by Erik Haula.
17:56 of 1st period - Stopped by Tuukka Rask without a rebound.
17:57 of 1st period - Ryan O'Reilly wins face-off versus Erik Haula in Boston Bruins zone.
17:59 of 1st period - Minor Penalty to Torey Krug for Hooking.
18:00 of 1st period - Sean Monahan wins face-off versus Derek MacKenzie in Boston Bruins zone.
18:08 of 1st period - Wrist shot by Sean Monahan.
18:08 of 1st period - Goal by Sean Monahan - Calgary Flames : 1 - Boston Bruins : 0.
18:09 of 1st period - Sean Monahan wins face-off versus Tyler Seguin in neutral zone.
18:16 of 1st period - Wrist shot by Johnny Gaudreau.
18:16 of 1st period - Shot Misses the Net.
18:18 of 1st period - Slapshot by Jake Gardiner.
18:18 of 1st period - Deflect By Reilly Smith.
18:18 of 1st period - Stopped by Tuukka Rask with a rebound.
18:20 of 1st period - Slapshot by Jake Gardiner.
18:20 of 1st period - Shot Blocked by Brad Marchand.
18:22 of 1st period - Slapshot by Johnny Gaudreau.
18:22 of 1st period - Goal by Johnny Gaudreau - Calgary Flames : 2 - Boston Bruins : 0.
18:23 of 1st period - Micheal Ferland wins face-off versus Tyler Seguin in neutral zone.
18:23 of 1st period - Radek Faksa is hit by David Pastrnak.
18:55 of 1st period - Wrist shot by Riley Nash.
18:55 of 1st period - Shot Misses the Net.
19:15 of 1st period - Michael Stone is hit by Ryan O'Reilly and loses puck.
19:22 of 1st period - Wrist shot by Sam Bennett.
19:22 of 1st period - Stopped by Tuukka Rask without a rebound.
19:23 of 1st period - Sean Monahan wins face-off versus Tyler Seguin in Boston Bruins zone.
19:24 of 1st period - Slapshot by Johnny Gaudreau.
19:24 of 1st period - Stopped by Tuukka Rask without a rebound.
19:25 of 1st period - Sean Monahan wins face-off versus Tyler Seguin in Boston Bruins zone.
Goals for this period are 2 for Calgary Flames vs 0 for Boston Bruins.
Shots for this period are 9 for Calgary Flames vs 4 for Boston Bruins.

2nd period


0:01 of 2nd period - Tyler Seguin wins face-off versus Erik Haula in neutral zone.
0:14 of 2nd period - Paul Byron is hit by David Pastrnak and loses puck.
0:25 of 2nd period - Mark Giordano is hit by Ryan Donato and loses puck.
0:44 of 2nd period - Snap shot by Paul Byron.
0:44 of 2nd period - Shot Misses the Net.
0:46 of 2nd period - Backhand shot by Erik Haula.
0:46 of 2nd period - Shot Misses the Net.
0:50 of 2nd period - Snap shot by Paul Byron.
0:50 of 2nd period - Stopped by Tuukka Rask without a rebound.
0:51 of 2nd period - Brad Marchand wins face-off versus Sean Monahan in Boston Bruins zone.
1:03 of 2nd period - Wrist shot by Reilly Smith.
1:03 of 2nd period - Stopped by Tuukka Rask with a rebound.
1:05 of 2nd period - Wrist shot by Johnny Gaudreau.
1:05 of 2nd period - Stopped by Tuukka Rask with a rebound.
1:07 of 2nd period - Snap shot by Johnny Gaudreau.
1:07 of 2nd period - Shot Blocked by Kevan Miller.
1:57 of 2nd period - Micheal Ferland is hit by Derek MacKenzie and loses puck.
2:39 of 2nd period - Michael Frolik is hit by David Pastrnak and loses puck.
3:02 of 2nd period - Alex Chiasson is hit by Jonathan Marchessault and loses puck.
4:37 of 2nd period - Will Butcher is hit by Michael Stone and loses puck.
4:42 of 2nd period - Slapshot by Danton Heinen.
4:42 of 2nd period - Shot Blocked by David Pastrnak.
4:44 of 2nd period - Wrist shot by Colin Miller.
4:44 of 2nd period - Deflect By David Pastrnak.
4:44 of 2nd period - Stopped by Tuukka Rask with a rebound.
4:58 of 2nd period - Wrist shot by Paul Byron.
4:58 of 2nd period - Shot Misses the Net.
5:00 of 2nd period - Slapshot by Michael Stone.
5:00 of 2nd period - Stopped by Tuukka Rask with a rebound.
5:02 of 2nd period - Slapshot by Paul Byron.
5:02 of 2nd period - Shot Blocked by Will Butcher.
5:38 of 2nd period - Snap shot by Alex Chiasson.
5:38 of 2nd period - Stopped by Tuukka Rask without a rebound.
5:39 of 2nd period - Sean Monahan wins face-off versus Riley Nash in Boston Bruins zone.
5:50 of 2nd period - Wrist shot by Reilly Smith.
5:50 of 2nd period - Shot Misses the Net.
5:52 of 2nd period - Slapshot by Sean Monahan.
5:52 of 2nd period - Goal by Sean Monahan - Calgary Flames : 3 - Boston Bruins : 0.
5:53 of 2nd period - Sean Monahan wins face-off versus David Pastrnak in neutral zone.
5:53 of 2nd period - Sean Monahan is hit by Tyler Seguin.
6:18 of 2nd period - TJ Brodie is hit by Kevan Miller and loses puck.
6:39 of 2nd period - Ryan O'Reilly is hit by Radek Faksa and loses puck.
7:09 of 2nd period - Will Butcher is hit by Erik Haula and loses puck.
7:20 of 2nd period - Josh Anderson is hit by Ryan Donato and loses puck.
7:28 of 2nd period - Colin Miller is hit by Charlie McAvoy and loses puck.
8:23 of 2nd period - Snap shot by Erik Haula.
8:23 of 2nd period - Shot Blocked by Torey Krug.
8:25 of 2nd period - Snap shot by Adam Pelech.
8:25 of 2nd period - Shot Misses the Net.
8:27 of 2nd period - Snap shot by Michael Frolik.
8:27 of 2nd period - Deflect By Ryan Donato.
8:27 of 2nd period - Shot Misses the Net.
8:27 of 2nd period - Puck is out of play.
8:28 of 2nd period - Tyler Seguin wins face-off versus Johnny Gaudreau in Boston Bruins zone.
8:35 of 2nd period - Snap shot by Tyler Seguin.
8:35 of 2nd period - Stopped by David Rittich with a rebound.
8:37 of 2nd period - Wrist shot by Brad Marchand.
8:37 of 2nd period - Stopped by David Rittich without a rebound.
8:38 of 2nd period - Tyler Seguin wins face-off versus Sean Monahan in Calgary Flames zone.
8:59 of 2nd period - Snap shot by Tyler Seguin.
8:59 of 2nd period - Deflect By Brad Marchand.
8:59 of 2nd period - Stopped by David Rittich without a rebound.
9:00 of 2nd period - Ryan O'Reilly wins face-off versus Radek Faksa in Calgary Flames zone.
9:01 of 2nd period - Wrist shot by Joe Pavelski.
9:01 of 2nd period - Deflect By Danton Heinen.
9:01 of 2nd period - Shot Misses the Net.
9:01 of 2nd period - Puck is out of play.
9:02 of 2nd period - Radek Faksa wins face-off versus Ryan O'Reilly in Calgary Flames zone.
9:18 of 2nd period - Slapshot by Ryan O'Reilly.
9:18 of 2nd period - Stopped by David Rittich with a rebound.
9:30 of 2nd period - Slapshot by Jake Gardiner.
9:30 of 2nd period - Stopped by Tuukka Rask without a rebound.
9:31 of 2nd period - Tyler Seguin wins face-off versus Erik Haula in Boston Bruins zone.
9:46 of 2nd period - Slapshot by David Pastrnak.
9:46 of 2nd period - Shot Blocked by Erik Haula.
10:02 of 2nd period - Wrist shot by Mark Giordano.
10:02 of 2nd period - Shot Misses the Net.
12:11 of 2nd period - Ryan Spooner is hit by Reilly Smith and loses puck.
12:32 of 2nd period - Jonathan Marchessault is hit by Alex Chiasson.
12:47 of 2nd period - Ryan O'Reilly is hit by Micheal Ferland and loses puck.
13:04 of 2nd period - Off-side.
13:05 of 2nd period - Tyler Seguin wins face-off versus Erik Haula in neutral zone.
13:14 of 2nd period - Wrist shot by Tyler Seguin.
13:14 of 2nd period - Stopped by David Rittich with a rebound.
13:36 of 2nd period - Snap shot by Ryan Spooner.
13:36 of 2nd period - Shot Misses the Net.
14:53 of 2nd period - Wrist shot by Danton Heinen.
14:53 of 2nd period - Stopped by Tuukka Rask without a rebound.
14:54 of 2nd period - Sean Monahan wins face-off versus Riley Nash in Boston Bruins zone.
14:57 of 2nd period - Snap shot by Johnny Gaudreau.
14:57 of 2nd period - Shot Misses the Net.
15:21 of 2nd period - Ryan O'Reilly is hit by Mark Giordano and loses puck.
15:40 of 2nd period - Snap shot by Erik Haula.
15:40 of 2nd period - Stopped by Tuukka Rask without a rebound.
15:41 of 2nd period - Erik Haula wins face-off versus Tyler Seguin in Boston Bruins zone.
15:47 of 2nd period - Off-side.
15:48 of 2nd period - Tyler Seguin wins face-off versus Sean Monahan in neutral zone.
16:35 of 2nd period - Charlie McAvoy is hit by Alex Chiasson and loses puck.
16:42 of 2nd period - Alex Chiasson is hit by Ryan Donato and loses puck.
17:25 of 2nd period - Slapshot by Reilly Smith.
17:25 of 2nd period - Deflect By Jonathan Marchessault.
17:25 of 2nd period - Shot Misses the Net.
17:25 of 2nd period - Puck is out of play.
17:26 of 2nd period - Sean Monahan wins face-off versus Tyler Seguin in Boston Bruins zone.
17:35 of 2nd period - Will Butcher is hit by Jake Gardiner and loses puck.
17:40 of 2nd period - Wrist shot by Reilly Smith.
17:40 of 2nd period - Shot Misses the Net.
17:42 of 2nd period - Slapshot by Adam Pelech.
17:42 of 2nd period - Stopped by Tuukka Rask with a rebound.
19:08 of 2nd period - Wrist shot by Ryan O'Reilly.
19:08 of 2nd period - Stopped by David Rittich with a rebound.
19:31 of 2nd period - Snap shot by Sean Monahan.
19:31 of 2nd period - Stopped by Tuukka Rask without a rebound.
19:32 of 2nd period - Tyler Seguin wins face-off versus Radek Faksa in Boston Bruins zone.
19:56 of 2nd period - Michael Frolik is hit by Riley Nash and loses puck.
Goals for this period are 1 for Calgary Flames vs 0 for Boston Bruins.
Shots for this period are 12 for Calgary Flames vs 6 for Boston Bruins.

3rd period


0:01 of 3rd period - Tyler Seguin wins face-off versus Sam Bennett in neutral zone.
0:21 of 3rd period - Brad Marchand is hit by Sam Bennett.
0:37 of 3rd period - Wrist shot by Joe Pavelski.
0:37 of 3rd period - Stopped by David Rittich without a rebound.
0:38 of 3rd period - Joe Pavelski wins face-off versus Radek Faksa in Calgary Flames zone.
0:41 of 3rd period - Slapshot by Joe Pavelski.
0:41 of 3rd period - Stopped by David Rittich with a rebound.
0:47 of 3rd period - Slapshot by Ryan O'Reilly.
0:47 of 3rd period - Shot Hit the Post.
0:49 of 3rd period - Snap shot by Joe Pavelski.
0:49 of 3rd period - Shot Misses the Net.
0:51 of 3rd period - Slapshot by Niklas Hjalmarsson.
0:51 of 3rd period - Shot Blocked by TJ Brodie.
0:53 of 3rd period - Backhand shot by Torey Krug.
0:53 of 3rd period - Shot Blocked by Micheal Ferland.
0:55 of 3rd period - Snap shot by Niklas Hjalmarsson.
0:55 of 3rd period - Deflect By Ryan O'Reilly.
0:55 of 3rd period - Stopped by David Rittich with a rebound.
0:57 of 3rd period - Snap shot by Ryan O'Reilly.
0:57 of 3rd period - Shot Misses the Net.
0:59 of 3rd period - Slapshot by Ryan O'Reilly.
0:59 of 3rd period - Stopped by David Rittich with a rebound.
1:13 of 3rd period - Snap shot by Ryan O'Reilly.
1:13 of 3rd period - Stopped by David Rittich without a rebound.
1:14 of 3rd period - Erik Haula wins face-off versus Tyler Seguin in Calgary Flames zone.
1:21 of 3rd period - Adam Pelech is hit by Tyler Seguin and loses puck.
2:03 of 3rd period - Sam Bennett is hit by Tim Schaller and loses puck.
2:30 of 3rd period - Wrist shot by Radek Faksa.
2:30 of 3rd period - Deflect By Danton Heinen.
2:30 of 3rd period - Stopped by Tuukka Rask with a rebound.
2:46 of 3rd period - Michael Frolik is hit by Tyler Seguin and loses puck.
2:57 of 3rd period - Wrist shot by Johnny Gaudreau.
2:57 of 3rd period - Deflect By Sean Monahan.
2:57 of 3rd period - Stopped by Tuukka Rask without a rebound.
2:58 of 3rd period - Sean Monahan wins face-off versus Riley Nash in Boston Bruins zone.
3:18 of 3rd period - Icing by Sean Monahan.
3:19 of 3rd period - Ryan O'Reilly wins face-off versus Sam Bennett in Calgary Flames zone.
3:20 of 3rd period - Snap shot by Jonathan Marchessault.
3:20 of 3rd period - Shot Blocked by Josh Anderson.
3:22 of 3rd period - Snap shot by Joe Pavelski.
3:22 of 3rd period - Stopped by David Rittich without a rebound.
3:23 of 3rd period - Sam Bennett wins face-off versus Ryan O'Reilly in Calgary Flames zone.
3:23 of 3rd period - Sam Bennett is hit by Kevan Miller.
3:53 of 3rd period - Snap shot by Ryan O'Reilly.
3:53 of 3rd period - Stopped by David Rittich with a rebound.
3:55 of 3rd period - Wrist shot by Joe Pavelski.
3:55 of 3rd period - Stopped by David Rittich with a rebound.
3:57 of 3rd period - Snap shot by Joe Pavelski.
3:57 of 3rd period - Stopped by David Rittich without a rebound.
3:58 of 3rd period - Tyler Seguin wins face-off versus Erik Haula in Calgary Flames zone.
4:10 of 3rd period - Icing by Jake Gardiner.
4:11 of 3rd period - Michael Frolik wins face-off versus Tyler Seguin in Calgary Flames zone.
4:24 of 3rd period - Backhand shot by Tyler Seguin.
4:24 of 3rd period - Shot Misses the Net.
4:30 of 3rd period - Wrist shot by Michael Frolik.
4:30 of 3rd period - Deflect By Paul Byron.
4:30 of 3rd period - Shot Blocked by Kevan Miller.
4:30 of 3rd period - Puck is out of play.
4:31 of 3rd period - Ryan O'Reilly wins face-off versus Reilly Smith in Boston Bruins zone.
4:33 of 3rd period - Icing by Jonathan Marchessault.
4:34 of 3rd period - Sean Monahan wins face-off versus Ryan O'Reilly in Boston Bruins zone.
4:37 of 3rd period - Snap shot by Johnny Gaudreau.
4:37 of 3rd period - Shot Blocked by Will Butcher.
6:24 of 3rd period - Wrist shot by Michael Frolik.
6:24 of 3rd period - Stopped by Tuukka Rask with a rebound.
6:26 of 3rd period - Wrist shot by Michael Frolik.
6:26 of 3rd period - Stopped by Tuukka Rask without a rebound.
6:27 of 3rd period - Erik Haula wins face-off versus Riley Nash in Boston Bruins zone.
6:54 of 3rd period - Snap shot by Johnny Gaudreau.
6:54 of 3rd period - Shot Misses the Net.
6:56 of 3rd period - Wrist shot by Johnny Gaudreau.
6:56 of 3rd period - Stopped by Tuukka Rask with a rebound.
7:13 of 3rd period - Off-side.
7:14 of 3rd period - Radek Faksa wins face-off versus Ryan O'Reilly in neutral zone.
7:17 of 3rd period - Snap shot by Micheal Ferland.
7:17 of 3rd period - Stopped by Tuukka Rask without a rebound.
7:18 of 3rd period - Radek Faksa wins face-off versus Ryan O'Reilly in Boston Bruins zone.
7:27 of 3rd period - Snap shot by Micheal Ferland.
7:27 of 3rd period - Stopped by Tuukka Rask without a rebound.
7:28 of 3rd period - Tyler Seguin wins face-off versus Radek Faksa in Boston Bruins zone.
8:59 of 3rd period - Double Minor Penalty to Jonathan Marchessault for Roughing.
9:00 of 3rd period - Derek MacKenzie wins face-off versus Erik Haula in Boston Bruins zone.
9:14 of 3rd period - Snap shot by Danton Heinen.
9:14 of 3rd period - Stopped by Tuukka Rask without a rebound.
9:15 of 3rd period - Derek MacKenzie wins face-off versus Sean Monahan in Boston Bruins zone.
9:15 of 3rd period - Derek MacKenzie is hit by Colin Miller.
9:46 of 3rd period - Wrist shot by Erik Haula.
9:46 of 3rd period - Goal by Erik Haula - Calgary Flames : 4 - Boston Bruins : 0.
9:47 of 3rd period - Erik Haula wins face-off versus Derek MacKenzie in neutral zone.
10:45 of 3rd period - Torey Krug is hit by Paul Byron and loses puck.
11:30 of 3rd period - Riley Nash is hit by Paul Byron and loses puck.
11:46 of 3rd period - Penalty to Jonathan Marchessault is over, Jonathan Marchessault is back on ice.
11:51 of 3rd period - Tim Schaller is hit by Alex Chiasson and loses puck.
11:56 of 3rd period - Wrist shot by Josh Anderson.
11:56 of 3rd period - Stopped by Tuukka Rask without a rebound.
11:57 of 3rd period - Sam Bennett wins face-off versus Tyler Seguin in Boston Bruins zone.
11:58 of 3rd period - Snap shot by Alex Chiasson.
11:58 of 3rd period - Stopped by Tuukka Rask without a rebound.
11:59 of 3rd period - Josh Anderson wins face-off versus David Pastrnak in Boston Bruins zone.
12:00 of 3rd period - Snap shot by Alex Chiasson.
12:00 of 3rd period - Deflect By Sam Bennett.
12:00 of 3rd period - Stopped by Tuukka Rask with a rebound.
12:10 of 3rd period - Snap shot by Tyler Seguin.
12:10 of 3rd period - Stopped by David Rittich with a rebound.
12:12 of 3rd period - Snap shot by Tyler Seguin.
12:12 of 3rd period - Stopped by David Rittich without a rebound.
12:13 of 3rd period - Sean Monahan wins face-off versus Tyler Seguin in Calgary Flames zone.
13:02 of 3rd period - Mark Giordano is hit by Torey Krug and loses puck.
13:42 of 3rd period - Slapshot by Reilly Smith.
13:42 of 3rd period - Stopped by Tuukka Rask with a rebound.
14:13 of 3rd period - Tim Schaller is hit by Adam Pelech and loses puck.
15:12 of 3rd period - Snap shot by Ryan Spooner.
15:12 of 3rd period - Stopped by David Rittich with a rebound.
15:38 of 3rd period - Wrist shot by Johnny Gaudreau.
15:38 of 3rd period - Deflect By Ryan O'Reilly.
15:38 of 3rd period - Shot Blocked by Kevan Miller.
15:38 of 3rd period - Puck is out of play.
15:39 of 3rd period - Ryan O'Reilly wins face-off versus Radek Faksa in Boston Bruins zone.
15:58 of 3rd period - Snap shot by Ryan Spooner.
15:58 of 3rd period - Stopped by David Rittich without a rebound.
15:59 of 3rd period - Riley Nash wins face-off versus Sean Monahan in Calgary Flames zone.
16:04 of 3rd period - Wrist shot by Ryan Spooner.
16:04 of 3rd period - Shot Misses the Net.
16:24 of 3rd period - Slapshot by Jake Gardiner.
16:24 of 3rd period - Stopped by Tuukka Rask without a rebound.
16:25 of 3rd period - Sam Bennett wins face-off versus Ryan O'Reilly in Boston Bruins zone.
16:51 of 3rd period - Ryan O'Reilly is hit by Adam Pelech and loses puck.
17:02 of 3rd period - Snap shot by Michael Frolik.
17:02 of 3rd period - Stopped by Tuukka Rask with a rebound.
17:38 of 3rd period - Slapshot by David Pastrnak.
17:38 of 3rd period - Shot Blocked by Johnny Gaudreau.
17:40 of 3rd period - Wrist shot by Tyler Seguin.
17:40 of 3rd period - Deflect By David Pastrnak.
17:40 of 3rd period - Shot Misses the Net.
17:40 of 3rd period - Puck is out of play.
17:41 of 3rd period - Sean Monahan wins face-off versus Tyler Seguin in Calgary Flames zone.
18:02 of 3rd period - Wrist shot by Tyler Seguin.
18:02 of 3rd period - Deflect By Brad Marchand.
18:02 of 3rd period - Shot Misses the Net.
18:02 of 3rd period - Puck is out of play.
18:03 of 3rd period - Riley Nash wins face-off versus Sam Bennett in Calgary Flames zone.
18:08 of 3rd period - Snap shot by Riley Nash.
18:08 of 3rd period - Deflect By Alex Chiasson.
18:08 of 3rd period - Shot Misses the Net.
18:08 of 3rd period - Puck is out of play.
18:09 of 3rd period - Sam Bennett wins face-off versus Riley Nash in Calgary Flames zone.
18:09 of 3rd period - Sam Bennett is hit by Riley Nash.
18:25 of 3rd period - Sam Bennett is hit by Riley Nash and loses puck.
18:57 of 3rd period - Wrist shot by Joe Pavelski.
18:57 of 3rd period - Shot Blocked by Adam Pelech.
18:59 of 3rd period - Wrist shot by Ryan O'Reilly.
18:59 of 3rd period - Goal by Ryan O'Reilly - Calgary Flames : 4 - Boston Bruins : 1.
19:00 of 3rd period - Sean Monahan wins face-off versus Tyler Seguin in neutral zone.
19:09 of 3rd period - TJ Brodie is hit by Brad Marchand and loses puck.
19:26 of 3rd period - Mark Giordano is hit by Torey Krug and loses puck.
19:47 of 3rd period - Wrist shot by Niklas Hjalmarsson.
19:47 of 3rd period - Shot Blocked by Paul Byron.
19:49 of 3rd period - Snap shot by Ryan Spooner.
19:49 of 3rd period - Shot Blocked by Erik Haula.
19:51 of 3rd period - Slapshot by Niklas Hjalmarsson.
19:51 of 3rd period - Stopped by David Rittich with a rebound.
19:53 of 3rd period - Wrist shot by Niklas Hjalmarsson.
19:53 of 3rd period - Stopped by David Rittich with a rebound.
19:55 of 3rd period - Wrist shot by Ryan Spooner.
19:55 of 3rd period - Stopped by David Rittich with a rebound.
19:57 of 3rd period - Slapshot by Riley Nash.
19:57 of 3rd period - Shot Blocked by Colin Miller.
Goals for this period are 1 for Calgary Flames vs 1 for Boston Bruins.
Shots for this period are 15 for Calgary Flames vs 17 for Boston Bruins.